 Dungeon Crawl Stone Soup version 0.25.0-9-g26727b657a (webtiles) character file.

Game seed: 17770451948475573865

3068 Acheron the Poker (level 9, -2/64 HPs)
             Began as a Merfolk Wanderer on June 19, 2020.
             Was an Elder of Okawaru.
             Slain by a water moccasin (7 damage)
             ... on level 4 of the Lair of Beasts.
             The game lasted 00:41:59 (7586 turns).

Acheron the Poker (Merfolk Wanderer)                Turns: 7586, Time: 00:42:18

Health: -2/64      AC:  8    Str: 13    XL:     9   Next: 88%
Magic:  13/13      EV: 14    Int: 13    God:    Okawaru [****..]
Gold:   363        SH:  0    Dex: 18    Spells: 10/14 levels left

rFire    . . .     SeeInvis .   w - +12 rapier of Inquiry {vorpal, *Contam +Inv MR+ Dex+4}
rCold    + . .     Gourm    .   (no shield)
rNeg     . . .     Faith    .   u - +0 ring mail
rPois    .         Spirit   .   t - +0 helmet
rElec    .         Reflect  .   c - +0 cloak
rCorr    .         Harm     .   (no gloves)
MR       +....                  (no boots)
Stlth    +++.......             (no amulet)
HPRegen  0.20/turn              m - ring of stealth
MPRegen  0.13/turn              z - ring of protection from cold

@: about to teleport
A: change form in water, swift swim, stealthy swim
a: Heroism, Renounce Religion, Evoke Invisibility


You were on level 4 of the Lair of Beasts.
You worshipped Okawaru.
Okawaru was greatly pleased with you.
You were not hungry.

You visited 3 branches of the dungeon, and saw 16 of its levels.

You collected 363 gold pieces.

Inventory:

Hand Weapons
 p - a +2 dagger of venom
 w - the +12 rapier of Inquiry (weapon) {vorpal, *Contam +Inv MR+ Dex+4}
   (You found it on level 5 of the Dungeon)

   It inflicts extra damage upon your enemies.
   It affects your dexterity (+4).
   It affects your resistance to hostile enchantments.
   It lets you turn invisible.
   It causes magical contamination when unequipped.
 E - the +1 glaive of Valiance {vorpal, rN+ MR- Stlth+, unknown}
   (You found it on level 4 of the Lair of Beasts)

   It inflicts extra damage upon your enemies.
   It protects you from negative energy.
   It affects your resistance to hostile enchantments.
   It makes you more stealthy.
Missiles
 b - 4 throwing nets
 i - 190 stones
 l - 7 boomerangs (quivered)
 o - 17 sling bullets
Armour
 c - a +0 cloak (worn)
 t - a +0 helmet (worn)
 u - a +0 ring mail (worn)
 A - the +18 shield of the Gong {rElec rN+ MR+ EV-5}
   (You found it on level 9 of the Dungeon)

   It affects your evasion (-5).
   It insulates you from electricity.
   It protects you from negative energy.
   It affects your resistance to hostile enchantments.
Jewellery
 a - an uncursed amulet of guardian spirit {unknown}
 m - a ring of stealth (left hand)
 r - an uncursed ring of resist corrosion
 z - a ring of protection from cold (right hand)
 G - a +6 ring of intelligence {unknown}
Wands
 k - a wand of paralysis (5)
 s - a wand of acid (7)
 x - a wand of iceblast (2)
 C - a wand of enslavement (9)
Scrolls
 d - 3 scrolls of remove curse
 y - 2 scrolls of teleportation
 D - a scroll of amnesia
Potions
 e - a potion of might {unknown}
 g - a potion of berserk rage {unknown}
 h - a potion of haste {unknown}
 j - 3 potions of lignification
 n - 2 potions of mutation {unknown}
 q - 3 potions of curing
 v - 2 potions of stabbing
 B - a potion of experience {unknown}
Comestibles
 f - 9 rations


   Skills:
 * Level 3.5 Fighting
 * Level 6.0 Short Blades
 * Level 7.1(7.7) Polearms
   Level 2.4(3.5) Staves
 * Level 1.6 Throwing
 * Level 3.8 Armour
 * Level 5.2 Dodging
 * Level 4.9 Stealth
 + Level 1.0 Shields
 * Level 3.3 Spellcasting
 * Level 2.3 Hexes
 * Level 3.5 Summonings
   Level 1.0 Air Magic
 * Level 3.2 Invocations
 * Level 2.9 Evocations


You had 10 spell levels left.
You knew the following spells:

 Your Spells              Type           Power        Failure   Level  Hunger
a - Summon Butterflies    Summ           ##......     11%         1    #......
b - Summon Guardian Gole  Hex/Summ       #.......     38%         3    ###....

Your spell library contained the following spells:

 Spells                   Type           Power        Failure   Level  Hunger
 Summon Lightning Spire   Summ/Air       #.......     87%         4    #####..
 Silence                  Hex/Air        #.........   100%        5    ######.
 Conjure Ball Lightning   Conj/Air       #.........   100%        6    #######
 Tornado                  Air            #.........   100%        9    #######


Dungeon Overview and Level Annotations

Branches:
Dungeon (10/15)            Temple (1/1) D:6            Lair (6/6) D:9
  Swamp: Lair:2-4    Shoals: Lair:2-4     Snake: Lair:2-4    Spider: Lair:2-4
  Slime: Lair:5-6       Orc: D:9-12

Altars:
Ashenzari
Dithmenos
Elyvilon
Fedhas
Nemelex Xobeh
Okawaru
Qazlal
Ru
Sif Muna
Trog
Vehumet
Wu Jian
Xom
Yredelemnul
Zin
The Shining One

Annotations:
D:1 exclusion: downstairs
D:6 exclusion: downstairs, Dowan, Duvessa
Lair:3 exclusion: upstairs
Lair:4 exclusion: upstairs
Lair:5 exclusions: 2 downstairs and upstairs


Message History

You puncture the bullfrog!
The bullfrog is heavily wounded.
The bullfrog closely misses you.
The blink frog blinks!
The water moccasin bites you. The bullfrog hits you!
You hit the water moccasin.
The water moccasin is moderately wounded.
You feel sick.
You are no longer poisoned.
The water moccasin closely misses you. The bullfrog hits you.
* * * LOW HITPOINT WARNING * * *
The blink frog hits you.
* * * LOW HITPOINT WARNING * * *
As you read the scroll of teleportation, it crumbles to dust.
You feel strangely unstable. The water moccasin bites you.
* * * LOW HITPOINT WARNING * * *
The bullfrog hits you.
* * * LOW HITPOINT WARNING * * *
The blink frog completely misses you.
The blink frog blinks!
The water moccasin bites you!
You die...

#####.................
##............. ##
##............
#P##.............
#........§.......
#................
##..........≈≈≈≈≈
#.......§F≈≈≈≈≈≈
#...F..÷@.≈≈PPP≈
#........FS≈##P##
#........≈≈≈#
##.......≈≈##
#P.......≈≈#
##.......≈≈#
#.......≈≈≈
.........≈≈#


You could see 2 blink frogs, a water moccasin and a bullfrog.

Vanquished Creatures
  A rime drake (Lair:2)
  A komodo dragon (Lair:5)
  A blink frog (Lair:4)
  2 basilisks
  5 water moccasins
  2 porcupines
  A phantom (D:7)
  3 ogres
  2 crocodiles
  A centaur (D:7)
  7 bullfrogs
  2 scorpions
  2 orc priests
  Jessica (D:3)
  An iguana (D:5)
  An orc wizard (D:7)
  A howler monkey zombie (D:6)
  Robin (D:2)
  2 adders
  A shadow imp (D:6)
  An ooze (D:2)
  2 leopard geckos
  7 orcs
  A ball python (D:2)
  4 giant cockroaches
  14 goblins
  5 hobgoblins
  A jackal (D:5)
  4 bats (D:1)
  3 frilled lizards
  A jackal skeleton (D:5)
  5 kobolds
  4 rats
90 creatures vanquished.

Vanquished Creatures (others)
  7 fungi
  3 plants (Lair:2)
10 creatures vanquished.

Grand Total: 100 creatures vanquished

Notes
Turn   | Place    | Note
-------+----------+-------------------------------------------
     0 | D:1      | Acheron the Merfolk Wanderer began the quest for the Orb.
     0 | D:1      | Acheron set off with the following items: a +0 spear, 4
                  | throwing nets, a +0 leather armour, a ration; and the
                  | following spell memorised: Summon Butterflies; and the
                  | following spells available to memorise: Summon Guardian
                  | Golem
     0 | D:1      | Reached XP level 1. HP: 13/13 MP: 2/2
   283 | D:1      | Reached skill level 1 in Polearms
   344 | D:1      | Reached XP level 2. HP: 19/19 MP: 3/3
   366 | D:1      | You fall into a shaft and drop 1 floor!
   367 | D:2      | Noticed Robin
   915 | D:1      | You fall into a shaft and drop 1 floor!
  1089 | D:2      | Reached XP level 3. HP: 24/25 MP: 4/4
  1131 | D:2      | Killed Robin
  1131 | D:2      | Reached skill level 2 in Polearms
  1365 | D:5      | Entered Level 5 of the Dungeon
  1374 | D:5      | Noticed a scorpion
  2218 | D:1      | Reached XP level 4. HP: 31/31 MP: 5/5
  2536 | D:2      | Reached skill level 3 in Polearms
  2709 | D:3      | Noticed a fire elemental
  2711 | D:3      | Found a stormy altar of Qazlal.
  2712 | D:3      | Noticed a water elemental
  2713 | D:3      | Noticed an earth elemental
  2713 | D:3      | Noticed an air elemental
  2801 | D:3      | Noticed Jessica
  2812 | D:3      | Killed Jessica
  2812 | D:3      | Reached skill level 1 in Fighting
  3029 | D:4      | Noticed a bullfrog
  3043 | D:4      | Killed a bullfrog
  3043 | D:4      | Reached skill level 4 in Polearms
  3043 | D:4      | Reached XP level 5. HP: 17/37 MP: 7/7
  3262 | D:4      | Noticed a phantom
  3277 | D:4      | Found a shattered altar of Ashenzari.
  3300 | D:5      | Noticed an ogre
  3313 | D:5      | Got a steaming rapier
  3333 | D:6      | Noticed Duvessa
  3333 | D:6      | Noticed Dowan
  3398 | D:6      | Reached skill level 1 in Armour
  3398 | D:6      | Reached XP level 6. HP: 5/44 MP: 8/8
  3420 | D:6      | Found a staircase to the Ecumenical Temple.
  3431 | Temple   | Entered the Ecumenical Temple
  3821 | Temple   | Became a worshipper of Warmaster Okawaru
  3852 | D:6      | Reached skill level 5 in Polearms
  4119 | D:6      | Identified the +12 rapier of Inquiry {vorpal, *Contam +Inv
                  | MR+ Dex+4} (You found it on level 5 of the Dungeon)
  4124 | D:6      | Learned a level 3 spell: Summon Guardian Golem
  4403 | D:5      | Reached skill level 1 in Short Blades
  4403 | D:5      | Reached XP level 7. HP: 32/50 MP: 8/10
  4583 | D:6      | Reached skill level 1 in Invocations
  4806 | D:6      | Reached skill level 1 in Evocations
  4874 | D:6      | Reached * piety under Okawaru
  4971 | D:7      | Reached XP level 8. HP: 51/57 MP: 11/11
  5001 | D:7      | You fall into a shaft and drop 3 floors!
  5001 | D:10     | Entered Level 10 of the Dungeon
  5077 | D:9      | Found the +18 shield of the Gong {rElec rN+ MR+ EV-5}
  5078 | D:9      | Found a staircase to the Lair.
  5110 | Lair:1   | Entered Level 1 of the Lair of Beasts
  5110 | Lair:1   | Noticed a spiny frog
  5121 | Lair:1   | Reached ** piety under Okawaru
  5121 | Lair:1   | Reached skill level 6 in Polearms
  5188 | Lair:2   | Noticed a rime drake
  5210 | Lair:2   | Killed a rime drake
  5415 | Lair:2   | Noticed an eight-headed hydra
  5423 | Lair:2   | Noticed a five-headed hydra
  5454 | Lair:3   | Noticed a five-headed hydra
  5458 | Lair:4   | Reached skill level 1 in Hexes
  5579 | Lair:4   | Noticed a spiny frog
  5599 | Lair:5   | Noticed a komodo dragon
  5600 | Lair:5   | Killed a komodo dragon
  5690 | Lair:5   | Reached *** piety under Okawaru
  5690 | Lair:5   | Reached XP level 9. HP: 63/63 MP: 13/13
  5768 | Lair:6   | Entered Level 6 of the Lair of Beasts
  5773 | Lair:6   | Noticed a spiny frog
  5775 | Lair:6   | Noticed a black mamba
  5893 | Lair:6   | Noticed a spiny frog
  5893 | Lair:6   | Noticed a spiny frog
  5941 | Lair:5   | Reached skill level 1 in Throwing
  5945 | Lair:6   | Noticed a death yak
  5945 | Lair:6   | Noticed a death yak
  5945 | Lair:6   | Noticed a death yak
  5945 | Lair:6   | Noticed a death yak
  5945 | Lair:6   | Noticed a death yak
  6020 | Lair:5   | Reached skill level 5 in Short Blades
  6267 | Lair:4   | Got a shimmering glaive
  6411 | Lair:4   | Reached skill level 5 in Dodging
  6533 | Lair:3   | Noticed a spiny frog
  6883 | Lair:2   | Noticed a komodo dragon
  6896 | Lair:2   | Reached **** piety under Okawaru
  6896 | Lair:2   | Reached skill level 7 in Polearms
  7046 | Lair:2   | Noticed a death yak
  7047 | Lair:2   | Noticed a death yak
  7464 | Lair:1   | You fall into a shaft and drop 1 floor!
  7543 | Lair:2   | Noticed a death yak
  7554 | Lair:2   | Noticed an elephant
  7554 | Lair:2   | Noticed an elephant
  7555 | Lair:2   | Noticed an elephant
  7570 | Lair:3   | Noticed a spiny frog
  7586 | Lair:4   | Slain by a water moccasin

Illustrated notes

Levels and vault maps discovered:
D:1:      minmay_arrival_solitary_statue, layout_basic, chequers_avenue
D:2:      layout_loops_ring, uniq_crazy_yiuf_cottage, uniq_robin
D:3:      layout_loops_ring, first_ration, nicolae_qazlal_style_of_elements,
          uniq_jessica
D:4:      layout_loops_cross, makhleb_heckhound_becter, marbit_many_paths,
          minivault_26, bh_chokoban, cheibrodos_ashenzari_chains
D:5:      layout_layer_cave
D:6:      layout_cave_pools, minmay_temple_entry_antechambers,
          kennysheep_cross_room, trog_book, uniq_duvessa
D:7:      layout_rooms, lemuel_crystal_altar, kennysheep_little_box,
          serial_shops, nicolae_shop_behind_doors, the_bakery
D:9:      layout_basic, eat_drink_and_be_merry_uskayaw, dpeg_oklobed_lair
D:10:     layout_basic
Temple:   eino_temple_rhombus
Lair:1:   layout_chaotic_city, infiniplex_staircase_pool_2, grunt_megastairs_1
Lair:2:   layout_chaotic_city, swamp_mist, grunt_megastairs_2
Lair:3:   layout_chaotic_city, guppyfry_snake_entry_island,
          gammafunk_ghost_necromancy, uniq_fannar
Lair:4:   layout_cave_shapes, worms_lemuel
Lair:5:   layout_concentric_octagons
Lair:6:   minmay_lair_end_frog_pond, layout_small_grid, slime_altar_1,
          basic_altar

Skill      XL: |  1  2  3  4  5  6  7  8  9 |
---------------+----------------------------+-----
Polearms       | 1 2 4 5 6 7 |  7.1
Dodging        | 3 4 5 |  5.2
Stealth        | 2 3 4 |  4.9
Fighting       | 1 2 3 |  3.5
Armour         | 1 2 3 |  3.8
Short Blades   | 1 2 4 6 |  6.0
Spellcasting   | 2 3 |  3.3
Invocations    | 1 2 3 |  3.2
Evocations     | 1 2 |  2.9
Summonings     | 2 3 |  3.5
Hexes          | 1 2 |  2.3
Throwing       | 1 |  1.6
Staves         | |  2.4
Shields        | |  1.0
Air Magic      | |  1.0

Action                   |  1- 3 |  4- 6 |  7- 9 || total
-------------------------+-------+-------+-------++-------
Melee: Spear             |   123 |   121 |       ||   244
       Rapier            |       |    20 |    96 ||   116
Throw: Boomerang         |       |       |    13 ||    13
 Cast: Summon Butterflie |       |       |     1 ||     1
Invok: Heroism           |       |       |     1 ||     1
  Use: Scroll            |       |     7 |     6 ||    13
       Potion            |       |     1 |       ||     1
 Stab: Sleeping          |     2 |       |     6 ||     8
       Distracted        |       |       |     1 ||     1
  Eat: Ration            |     1 |     1 |     3 ||     5
       Chunk             |     1 |     4 |     1 ||     6
Armor: Leather armour    |    19 |     4 |       ||    23
       Ring mail         |       |    30 |    27 ||    57
       Skin              |       |    12 |       ||    12
Dodge: Dodged            |    74 |    63 |    71 ||   208
